 Dungeon Crawl Stone Soup version 0.15-a0-1646-g393eda0 (webtiles) character file.

33 Decloudo the Charmwright (level 3, -2/27 HPs)
             Began as a Demonspawn Skald on June 22, 2014.
             Slain by a gnoll (4 damage)
             ... on Level 2 of the Dungeon.
             The game lasted 00:08:12 (1782 turns).

Decloudo the Charmwright (Demonspawn Skald)         Turns: 1782, Time: 00:08:13

HP  -2/27        AC  4     Str 13      XL: 3   Next: 12%
MP   6/6         EV 10     Int 13      God:
Gold 40          SH  0     Dex 12      Spells:  1 memorised,  5 levels left

rFire  + . .     SeeInvis .     a - +0 falchion
rCold  + . .     Clarity  .     b - +1 leather armour
rNeg   . . .     rCorr    .     (no shield)
rPois  .         rRot     .     (no helmet)
rElec  .         Spirit   .     (no cloak)
SustAb .         Warding  .     (no gloves)
rMut   .         Stasis   .     (no boots)
Gourm  .                        (no amulet)
MR     .....                    (no ring)
                                s - ring of flight

@: not resistant to hostile enchantments, very unstealthy
A: cold resistance 1, fire resistance 1, spit poison 1, placid magic 1
a: Spit Poison, Evoke Flight


You were on level 2 of the Dungeon.
You were not hungry.

You visited 1 branch of the dungeon, and saw 2 of its levels.

You collected 40 gold pieces.

Inventory:

Hand weapons
 a - a +0 falchion (weapon)
 n - a cursed -2 spear
Armour
 b - a +1 leather armour (worn)
 t - a +0 leather armour
Comestibles
 d - a bread ration
 g - a rotting chunk of giant newt flesh
 h - 2 rotting chunks of worm flesh
 q - 5 fruits
Scrolls
 l - 3 scrolls of identify
Jewellery
 s - a ring of flight (left hand)
Potions
 r - a potion of curing
Books
 c - a book of Battle

   Spells                             Type                      Level
   *Infusion                          Charms                       1
   Shroud of Golubria                 Charms/Translocation         2
   Song of Slaying                    Charms                       2
   Spectral Weapon                    Hexes/Charms                 3
   Regeneration                       Charms/Necromancy            3


   Skills:
 + Level 2.2 Fighting
 + Level 2.0 Long Blades
 + Level 1.1 Armour
 + Level 1.3 Dodging
 + Level 2.2 Spellcasting
 + Level 3.0 Charms


You had 5 spell levels left.
You knew the following spells:

 Your Spells              Type           Power        Failure   Level  Hunger
a - Infusion              Chrm           #.....       4%          1    ##.....


Dungeon Overview and Level Annotations

Branches:
Dungeon (2/15)

Altars:
Okawaru


Innate Abilities, Weirdness & Mutations

Your flesh is heat resistant.
Your flesh is cold resistant.
You can spit poison.
Your spells are a little easier to cast, but a little less powerful.


Message History

The gnoll is almost dead.
The gnoll barely misses you. The gnoll hits you.
* * * LOW HITPOINT WARNING * * *
You feel better.
It was a potion of curing.
The gnoll hits you!
* * * LOW HITPOINT WARNING * * *
A goblin comes into view. It is wielding a club.
The gnoll hits you.
* * * LOW HITPOINT WARNING * * *
You barely miss the gnoll.
The gnoll is almost dead.
The gnoll barely misses you. x2
You hit the gnoll.
You kill the gnoll!
You have reached level 3!
Your experience leads to an increase in your attributes!
Increase (S)trength, (I)ntelligence, or (D)exterity?
You feel stronger.
You closely miss the goblin. The gnoll misses you.
The goblin barely misses you. The gnoll hits you.
You die...

#.##......#
##.####
#.##......# #.#
#.##......# #.#
#.##......#
#(####
#......%.<#
#.(((##
#.##......#
#g##((#
...#########
#o###'# .....
#g# ≈gg# .##.#
#@##≈o≈.# . #.#
#g#o≈.≈## ..#
....g....##≈g≈.
..#
.#.######.≈.≈##
..# #≈.≈. #_#


You could see a gnoll, an orc and 2 goblins.

Vanquished Creatures
  A gnoll (D:2)
  A worm (D:2)
  2 bats (D:1)
  A giant cockroach (D:1)
  3 hobgoblins (D:1)
  2 giant geckos (D:1)
  5 giant newts
  3 kobolds
  A rat (D:1)
19 creatures vanquished.

Notes
Turn   | Place    | Note
--------------------------------------------------------------
     0 | D:1      | Decloudo, the Demonspawn Skald, began the quest for the Orb.
     0 | D:1      | Reached XP level 1. HP: 16/16 MP: 3/3
   146 | D:1      | Reached skill level 1 in Dodging
   415 | D:1      | Reached skill level 1 in Armour
   718 | D:1      | Gained mutation: Your flesh is heat resistant. [demonic ancestry]
   718 | D:1      | Reached XP level 2. HP: 19/22 MP: 1/4
  1536 | D:2      | Gained mutation: You can spit poison. [potion of mutation]
  1536 | D:2      | Gained mutation: Your flesh is cold resistant. [potion of mutation]
  1536 | D:2      | Gained mutation: Your spells are a little easier to cast, but a little less powerful. [potion of mutation]
  1539 | D:2      | Reached skill level 3 in Charms
  1758 | D:2      | Found an iron altar of Okawaru.
  1781 | D:2      | Reached XP level 3. HP: 2/27 MP: 6/6
  1782 | D:2      | Slain by a gnoll

Action                   || total
-------------------------++-------
Melee: Falchion          ||    80
 Cast: Infusion          ||     8
  Use: Scroll            ||     6
       Potion            ||     6
